cohdb
Replays
Latest Replays
All Replays
Popular Replays
Top Player Replays
Match Explorer
How It Works
Community
CoH3 Stats
Reddit
Sign in to upload your games and track your stats! →
Sign in with Steam
Match 46707625
Unlisted
Match 46707625
Overview
Messages
Build Orders
End
Royal Engineer Section
Construct Section Command Post
Selects Canadian Shock Battlegroup
Infantry Section
Dingo Light Scout Car
Infantry Section
Construct Platoon Command Post
Selects Attacking Spirit
Selects Canadian Shock Section
Humber Armored Car
Construct Field Infirmary
Infantry Section
Selects Incendiary Munitions
Infantry Training
6-pounder Anti-tank Gun Team
Canadian Shock Section
Selects Pyrotechnics
Construct Company Command Post
Selects Point Assault
6-pounder Anti-tank Gun Team
Matilda II Heavy Tank
ML 3-inch Mortar Team
Selects Churchill Crocodile Heavy Tank
Crusader II Medium Tank
6-pounder Anti-tank Gun Team
Foot Guards Section
Royal Engineer Section
Point Assault
Construct Field Infirmary
Oziligath
Markov666
0
0
Comments
sign in to comment!
No comments posted yet!